[Event "*** Titled Tuesday 3|2 Blitz"]
[Site "Chess.com"]
[Date "2016.06.07"]
[Round "6"]
[White "Cruel_Yaro"]
[Black "chessking2151"]
[Result "1-0"]
[WhiteElo "2542"]
[BlackElo "2331"]
[TimeControl "180+2"]
[EndTime "18:08:09 PDT"]
[Termination "Cruel_Yaro won by resignation"]

1. d4 Nf6 2. c4 c5 3. d5 b5 4.
cxb5 a6 5. b6 d6 6. Nc3 Nbd7 7.
a4 Nxb6 8. a5 Nbd7 9. Nf3 g6 10.
e4 Bg7 11. Be2 O-O 12. O-O Ne8 13. Nd2 Nc7 14. Nc4 Nb5 15. Bd2 Nd4 16. Bd3 Rb8 17. Na4 Ne5 18. Nxe5 Bxe5 19. Nb6 e6 20. f4 Bg7 21.
dxe6 Bxe6 22. Bxa6 Nb3 23. Rb1 Rxb6 24. axb6 Qxb6 25.
Be2 Nd4 26. Kh1 Bb3 27. Qe1 Bc2 28. Rc1 Bxe4 29. Bc3 Qb7 30. Qf2 Rb8 31. Rfe1 d5 32. Bf1 Nb3 33. Bxg7 Nxc1 34. Be5 Nd3 35. Bxd3 Bxd3 36.
Qh4 f5 37. Qf6 1-0

[Event "*** Titled Tuesday 3|2 Blitz"]
[Site "Chess.com"]
[Date "2016.06.07"]
[Round "6"]
[White "JustaTrickstar"]
[Black "Silent_Terror"]
[Result "1-0"]
[WhiteElo "2486"]
[BlackElo "2494"]
[TimeControl "180+2"]
[EndTime "18:08:37 PDT"]
[Termination "JustaTrickstar won by resignation"]

1. Nf3 e6 2. c4 Nf6 3. b3 b6 4. g3 Bb7 5. Bg2 c5 6. O-O Be7 7. Bb2 O-O 8. Nc3 d6 9. d4 cxd4 10. Qxd4 a6 11. Rfd1 Nbd7 12. Rac1 Qc7 13. Qf4 Rac8 14.
g4 Rfd8 15. g5 Nh5 16. Qg4 g6 17. h4 Bxf3 18. Bxf3 Ne5 19. Qe4 Nxf3+ 20. Qxf3 Ng7 21. Ne4 Nf5 22. h5 Rd7 23. Bf6 Qc6 24. Bxe7 Rxe7 25.
hxg6 fxg6 26. Nf6+ Kg7 27. e4 Rf7 28. Qh3 Ne7 29.
Qxh7+ Kf8 30. Qh8+ Ng8 31. Qxg8+ Ke7 32. Qxg6 1-0

[Event "*** Titled Tuesday 3|2 Blitz"]
[Site "Chess.com"]
[Date "2016.06.07"]
[Round "6"]
[White "evgenyermolaev"]
[Black "rdclayton"]
[Result "1-0"]
[WhiteElo "2279"]
[BlackElo "2087"]
[TimeControl "180+2"]
[EndTime "18:08:59 PDT"]
[Termination "evgenyermolaev won by checkmate"]

1. e4 d6 2. d4 Nf6 3. Nc3 a6 4. Be3 b5 5. f3 Nbd7 6. Qd2 e5 7. Nge2 Bb7 8. g4 h6 9. Ng3 b4 10. Nce2 d5 11. exd5 Nxd5 12. O-O-O Be7 13. Kb1 N7b6 14. Nc1 Nxe3 15. Qxe3 exd4 16. Rxd4 Nd5 17. Qd2 O-O 18. Bc4 Bg5 19. f4 Bxf4 20. Rxf4 Nxf4 21. Qxf4 Bxh1 22. Nxh1 Qd1 23. Nf2 Qg1 24. Ne4 Rad8 25. g5 hxg5 26. Nxg5 Rd7 27. Qf5 Qd4 28. Qh7# 1-0

[Event "*** Titled Tuesday 3|2 Blitz"]
[Site "Chess.com"]
[Date "2016.06.07"]
[Round "6"]
[White "Mornar1951"]
[Black "Danirod"]
[Result "1-0"]
[WhiteElo "2508"]
[BlackElo "2428"]
[TimeControl "180+2"]
[EndTime "18:09:00 PDT"]
[Termination "Mornar1951 won by resignation"]

1. Nf3 d5 2. d4 c5 3. c4 cxd4 4. cxd5 Nf6 5. Qxd4 Qxd5 6. Nc3 Qxd4 7. Nxd4 a6 8. e4 e5 9. Nf3 Nc6 10. Bc4 Bb4 11. O-O Bg4 12. Nd5 Nxd5 13. Bxd5 f6 14. Be3 Ke7 15. Rfc1 Rac8 16. Ne1 Bxe1 17. Rxe1 Be6 18.
Bc5+ Kf7 19. Red1 Rhd8 20. Bb6 Rd7 21. Bb3 Bxb3 22. Rxd7+ Ke6 23. Rxg7 Bc2 24. f3 Nd4 25. Rxb7 Bd3 26. Rc7 Rb8 27. Bxd4 exd4 28. Rd1 1-0

[Event "*** Titled Tuesday 3|2 Blitz"]
[Site "Chess.com"]
[Date "2016.06.07"]
[Round "6"]
[White "Kawhi_Leonard2"]
[Black "Fawolizzo"]
[Result "1-0"]
[WhiteElo "2045"]
[BlackElo "1987"]
[TimeControl "180+2"]
[EndTime "18:09:40 PDT"]
[Termination "Kawhi_Leonard2 won by checkmate"]

1. e4 e5 2. Nf3 Nc6 3. Bb5 Nge7 4. d4 exd4 5. Nxd4 g6 6. Nc3 Bg7 7. Be3 O-O 8. Qd2 a6 9. Be2 d6 10. O-O-O b5 11. h4 Bb7 12. h5 b4 13. Nd5 Nxd5 14. exd5 Ne5 15. Bh6 Qf6 16. Bxg7 Qxg7 17. hxg6 hxg6 18. f4 Nd7 19. Nf3 Nf6 20. Bc4 Rfe8 21.
Ng5 a5 22. g4 Bc8 23. f5 gxf5 24. gxf5 Bxf5 25. Rdg1 Bg6 26. Ne6 fxe6 27. Rh6 Ne4 28. Rhxg6 Nxd2 29. Rxg7+ Kf8 30. Kxd2 exd5 31. Bxd5 Rad8 32.
Rf7# 1-0

[Event "*** Titled Tuesday 3|2 Blitz"]
[Site "Chess.com"]
[Date "2016.06.07"]
[Round "6"]
[White "AllStarShark"]
[Black "Semetey"]
[Result "0-1"]
[WhiteElo "2140"]
[BlackElo "2460"]
[TimeControl "180+2"]
[EndTime "18:10:16 PDT"]
[Termination "Semetey won by resignation"]

1. d4 Nf6 2. c4 e6 3. Nc3 Bb4 4. e3 b6 5. Ne2 Bb7 6. a3 Bxc3+ 7.
Nxc3 O-O 8. f3 d6 9. e4 Nbd7 10.
Bd3 c5 11. d5 exd5 12. cxd5 a6 13. a4 Ne5 14. Bf4 Re8 15. O-O h6 16. b3 Rc8 17.
Nb1 Qd7 18. Na3 Ng6 19. Bg3 Nh5 20. Nc4 Nxg3 21. hxg3 Qc7 22. Ne3 Rb8 23. Qe2 Ra8 24.
Rad1 Bc8 25. Qb2 Bd7 26. f4 b5 27. axb5 axb5 28. e5 dxe5 29. Bxg6 fxg6 30. d6 Qb6 31. fxe5 c4 32. Rf3 Bc6 33. d7 Re7 34. Qd2 Rd8 35. e6 Rxe6 36. Qf2 Bxf3 37. gxf3 Qxe3 38. Qxe3 Rxe3 39. bxc4 bxc4 40. Kf2 Rd3 41. Re1 R8xd7 0-1

[Event "*** Titled Tuesday 3|2 Blitz"]
[Site "Chess.com"]
[Date "2016.06.07"]
[Round "6"]
[White "Boryboy"]
[Black "Keaton87"]
[Result "1/2-1/2"]
[WhiteElo "2550"]
[BlackElo "2473"]
[TimeControl "180+2"]
[EndTime "18:10:25 PDT"]
[Termination "Game drawn by repetition"]

1. d4 d5 2. Nf3 e6 3. c4 Nf6 4.
g3 Be7 5. Bg2 O-O 6. O-O dxc4 7.
Ne5 Nc6 8. Bxc6 bxc6 9. Nxc6 Qe8 10. Nxe7+ Qxe7 11. Qa4 c5 12. Qa3 Bb7 13. Qxc5 Qd7 14.
Nc3 Rac8 15. Qe5 Qc6 16. f3 Rfd8 17. Qf4 Nd5 18. Nxd5 Qxd5 19. Be3 c3 20. bxc3 Rxc3 21. Rfc1 Rdc8 22. a4 h6 23. Rxc3 Rxc3 24. Rc1 Rxc1+ 25. Bxc1 Ba6 26. Qb8+ Kh7 27. Qb1+ f5 28. Qb2 Qc4 29. Kf2 Qxa4 30. Bf4 Qc4 31. Be5 Qd5 32. h4 h5 33.
Qd2 Qc4 34. Qb2 Bb5 35. d5 exd5 36. Bxg7 Qxe2+ 37. Qxe2 Bxe2 38. Bd4 Bc4 39. Bxa7 Kg6 40. Ke3 Bb3 41. Kf4 Bc4 42. Bd4 Bb3 43. Ke5 Bc4 44. Kd6 Bb3 45. Kc5 Bd1 46. f4 Bf3 47. Kd6 Be4 48. Ke6 Bf3 49. Ke5 Be4 50. Bc5 Bg2 51. Bd6 Be4 52. Bc5 Bg2 53. Ke6 Bh1 54. Kd6 Bg2 55. Bd4 Bh1 56. Kc5 Bg2 57. Kb4 Kf7 58.
Kc3 Ke6 59. Kd3 Bf3 60. Ke3 Bg4 61. Kf2 Kd6 62. Ke3 Kc6 63. Kd3 Kb5 64. Kc3 Bf3 65. Bf6 Bg4 66. Be7 Kc6 67. Kd4 Bh3 68.
Ba3 Bg4 69. Ke5 Bh3 70. Bb4 Kb5 71. Bc3 Kc4 72. Bd4 Bg4 73. Bb6 Bh3 74. Ba7 Bg4 75. Bb6 Bh3 76. Ba7 Bg4 77. Bb6 Bh3 78. Ba7 Bg4 79.
Bb6 Bh3 80. Ba7 Bg4 81. Bb6 1/2-1/2

[Event "*** Titled Tuesday 3|2 Blitz"]
[Site "Chess.com"]
[Date "2016.06.07"]
[Round "6"]
[White "1stSecond"]
[Black "Danhy"]
[Result "0-1"]
[WhiteElo "2592"]
[BlackElo "2496"]
[TimeControl "180+2"]
[EndTime "18:10:26 PDT"]
[Termination "Danhy won by checkmate"]

1. d4 Nf6 2. c4 g6 3. Nc3 d5 4. cxd5 Nxd5 5. f3 Bg7 6. e4 Nxc3 7. bxc3 c5 8. Bb5+ Nc6 9. d5 Bxc3+ 10. Bd2 Qa5 11. Rb1 O-O 12. dxc6 Rd8 13. Rb2 bxc6 14. Bc4 Ba6 15. Bxa6 Rxd2 16. Rxd2 Rd8 17. Ne2 Rxd2 18. Qb3 Bd4 19. Nxd4 Rxd4+ 20. Kf2 Rb4 21. Qd3 Rb2+ 22. Kg3 c4 23. Qe3 Qxa6 24. Rd1 Qxa2 25. Rd8+ Kg7 26. Qd4+ f6 27. Qd7 Rxg2+ 28. Kf4 g5+ 29. Kf5 Qa5+ 30.
Ke6 Qe5# 0-1

[Event "*** Titled Tuesday 3|2 Blitz"]
[Site "Chess.com"]
[Date "2016.06.07"]
[Round "6"]
[White "Evgeny_Levin"]
[Black "Newlight1"]
[Result "1-0"]
[WhiteElo "2686"]
[BlackElo "2201"]
[TimeControl "180+2"]
[EndTime "18:10:29 PDT"]
[Termination "Evgeny_Levin won on time"]

1. d4 Nf6 2. c4 c5 3. d5 e6 4. Nc3 exd5 5. cxd5 d6 6. Nf3 g6 7. Nd2 Bg7 8. e4 O-O 9. Be2 Re8 10. O-O a6 11. a4 Nbd7 12. Qc2 Qc7 13. Nc4 Ne5 14.
Nxe5 Rxe5 15. Bf4 Re8 16. h3 Rb8 17. Rab1 Bd7 18. Rfc1 b5 19. axb5 axb5 20. b4 cxb4 21. Rxb4 Rbc8 22. Qb1 Nh5 23. Bd2 Rb8 24. Nxb5 Qd8 25.
Bxh5 Rxb5 26. Rxb5 Bxb5 27. Qxb5 gxh5 28. Qa6 1-0

[Event "*** Titled Tuesday 3|2 Blitz"]
[Site "Chess.com"]
[Date "2016.06.07"]
[Round "6"]
[White "BikingBrian"]
[Black "WanderingPuppet"]
[Result "0-1"]
[WhiteElo "2097"]
[BlackElo "2278"]
[TimeControl "180+2"]
[EndTime "18:10:30 PDT"]
[Termination "WanderingPuppet won by resignation"]

1. d4 Nf6 2. c4 g6 3. Nc3 Bg7 4. e4 d6 5. Nf3 O-O 6. Be2 Nbd7 7. O-O e5 8. Be3 a5 9. Re1 h6 10. Bf1 Kh7 11. Qc2 Ng4 12. dxe5 Nxe3 13. Rxe3 Nxe5 14.
Nxe5 Bxe5 15. Nd5 c6 16. Nc3 Be6 17. Rd1 Qf6 18. g3 g5 19. Kg2 g4 20. f4 gxf3+ 21. Rxf3 Bh3+ 22. Kf2 Bd4+ 23. Ke2 Bg4 24. e5+ Qg6 25.
Qxg6+ fxg6 26. Rxd4 Bxf3+ 27. Ke3 Bh1 28. Bd3 Rae8 29. Rxd6 Rxe5+ 30. Kd2 Rf2+ 31. Ne2 Bf3 32. Rxg6 Rfxe2+ 33. Kc3 Be4 34. Rg4 Re3 35. Kd4 Bxd3 0-1

[Event "*** Titled Tuesday 3|2 Blitz"]
[Site "Chess.com"]
[Date "2016.06.07"]
[Round "6"]
[White "platy3"]
[Black "gmjoey1"]
[Result "0-1"]
[WhiteElo "2679"]
[BlackElo "2540"]
[TimeControl "180+2"]
[EndTime "18:10:36 PDT"]
[Termination "gmjoey1 won by resignation"]

1. e4 c6 2. Nf3 d5 3. Nc3 dxe4 4. Nxe4 Nf6 5. Ng3 h5 6. Bc4 h4 7. Ne2 Qd6 8. h3 Be6 9. Bxe6 Qxe6 10. O-O Nbd7 11.
d4 Qf5 12. c3 e6 13. Qb3 O-O-O 14. Bf4 Nd5 15. Bh2 g5 16. c4 Nf4 17. Bxf4 gxf4 18. d5 Nc5 19. Qc3 Rg8 20. Kh2 exd5 21. cxd5 Ne4 22.
Qc2 Rxd5 23. Ned4 Qg6 24. Nxh4 Qf6 25. Ndf3 Ng5 26. Rad1 Nxf3+ 27. Nxf3 Rh5 28. Qe4 Bd6 29. Qd4 Qe6 30. Rg1 Rxg2+ 0-1

[Event "*** Titled Tuesday 3|2 Blitz"]
[Site "Chess.com"]
[Date "2016.06.07"]
[Round "6"]
[White "OldweakGM"]
[Black "Iball95"]
[Result "1-0"]
[WhiteElo "2610"]
[BlackElo "2466"]
[TimeControl "180+2"]
[EndTime "18:10:55 PDT"]
[Termination "OldweakGM won by checkmate"]

1. h4 e5 2. a4 d5 3. d3 Nc6 4.
Nd2 Nf6 5. e4 Bc5 6. g3 dxe4 7.
dxe4 O-O 8. c3 Ng4 9. Nh3 f5 10. Be2 Nf6 11. Ng5 Qe7 12. Qc2 h6 13. exf5 hxg5 14. Bc4+ Rf7 15. hxg5 Ne8 16. g6 Nd6 17. gxf7+ Nxf7 18. Ne4 Bb6 19. Ng5 Nd8 20. f6 Qxf6 21.
Qh7+ Kf8 22. Ne4 Qf3 23. Qh8+ Nxh8 24. Rxh8+ Ke7 25. Bg5+ Kd7 26. Rxd8+ Kc6 27. Bb5# 1-0

[Event "*** Titled Tuesday 3|2 Blitz"]
[Site "Chess.com"]
[Date "2016.06.07"]
[Round "6"]
[White "FearlessKing64"]
[Black "chesstatour"]
[Result "1-0"]
[WhiteElo "2101"]
[BlackElo "1991"]
[TimeControl "180+2"]
[EndTime "18:10:56 PDT"]
[Termination "FearlessKing64 won on time"]

1. e4 c6 2. d4 d5 3. e5 Bf5 4.
h4 h5 5. Bg5 Qb6 6. Bd3 Bxd3 7.
Qxd3 Qxb2 8. e6 Nh6 9. Ne2 Qxa1 10. Qb3 b5 11. O-O a5 12. c3 a4 13. Qc2 a3 14. Bc1 b4 15. cxb4 Ng4 16. Nxa3 g6 17. exf7+ Kxf7 18. Nc3 Bg7 19. Bb2 Qxf1+ 20. Kxf1 Rf8 21.
b5 e6 22. bxc6 Nxc6 23. Nxd5 Rac8 24. Nf4 Ne7 25. Qb3 Rc6 26. d5 exd5 27. Nxd5 Re6 28.
Nf4 Bxb2 29. Nxe6 Bxa3 30. Nxf8+ Kxf8 31. Qxa3 1-0

[Event "*** Titled Tuesday 3|2 Blitz"]
[Site "Chess.com"]
[Date "2016.06.07"]
[Round "6"]
[White "ShimanovAlex"]
[Black "anon102030"]
[Result "1-0"]
[WhiteElo "2660"]
[BlackElo "2512"]
[TimeControl "180+2"]
[EndTime "18:11:08 PDT"]
[Termination "ShimanovAlex won by resignation"]

1. d4 Nf6 2. Nf3 d6 3. Nc3 g6 4.
e4 Bg7 5. Be2 Nbd7 6. O-O e5 7.
dxe5 dxe5 8. Be3 O-O 9. Nd2 Qe7 10. Nc4 b6 11. f3 Bb7 12. a4 Rad8 13. Qc1 a6 14. Bg5 Nc5 15. Ne3 Ne6 16. Ncd5 Bxd5 17.
Nxd5 Qc5+ 18. Be3 Qd6 19. Nxf6+ Bxf6 20. Bxa6 Nd4 21. Rd1 Qc6 22. Bd3 Rd6 23. a5 Rfd8 24. axb6 cxb6 25. Bxd4 Rxd4 26. Ra7 b5 27. Qa1 b4 28. b3 Bg5 29. Kh1 Qc5 30. Ra5 Qc7 31. Rf1 Bd2 32. Ra7 Qd6 33. Bc4 Rf8 34. Bd5 Bc3 35. Qa4 Rxd5 36. exd5 Qxd5 37. Qd7 Qxd7 38. Rxd7 Ra8 39. Rdd1 Ra2 40. Rf2 Kg7 41. g3 h5 42.
Re2 Kf6 43. Kg2 Rb2 44. Rd7 Ra2 45. Rb7 Kg7 46. f4 exf4 47. gxf4 Kf6 48. Kf3 Rb2 49. Ree7 Rxc2 50. Rxf7+ Ke6 51. Rfe7+ Kd6 52. Rbd7+ Kc6 53. Rd3 Rxh2 54. Re6+ Kc5 55. Rxg6 Rg2 56. Rxg2 1-0

[Event "*** Titled Tuesday 3|2 Blitz"]
[Site "Chess.com"]
[Date "2016.06.07"]
[Round "6"]
[White "aspired"]
[Black "michaelq2d5"]
[Result "0-1"]
[WhiteElo "2477"]
[BlackElo "2488"]
[TimeControl "180+2"]
[EndTime "18:11:08 PDT"]
[Termination "michaelq2d5 won by resignation"]

1. e4 e5 2. Nf3 Nc6 3. Nc3 Nf6 4.
Bb5 Bd6 5. d3 h6 6. g4 Nd4 7. Rg1 c6 8. Bc4 b5 9. Bb3 Nxb3 10.
axb3 Bc7 11. g5 hxg5 12. Bxg5 d6 13. Qe2 Qe7 14. O-O-O a5 15. d4 a4 16. bxa4 b4 17. dxe5 dxe5 18. Qc4 Bd7 19. Nd5 cxd5 20. Qxc7 Rc8 21.
Qxe5 Qxe5 22. Nxe5 Bxa4 23. Rd2 Nxe4 24. Re2 Rxh2 25.
Nd3 Bb5 26. Kd1 b3 27. Be3 bxc2+ 28. Rxc2 Ba4 29. Ne1 Nxf2+ 30. Bxf2 Rxf2 0-1

[Event "*** Titled Tuesday 3|2 Blitz"]
[Site "Chess.com"]
[Date "2016.06.07"]
[Round "6"]
[White "Yaacovn"]
[Black "IIIlllII1llIl"]
[Result "0-1"]
[WhiteElo "2609"]
[BlackElo "2503"]
[TimeControl "180+2"]
[EndTime "18:11:14 PDT"]
[Termination "IIIlllII1llIl won by resignation"]

1. d4 Nf6 2. Nf3 e6 3. c4 c5 4.
g3 cxd4 5. Nxd4 d5 6. Bg2 e5 7. Nc2 d4 8. O-O Nc6 9. f4 e4 10. Nd2 Bf5 11. Nb3 d3 12. Ne3 Qb6 13. Kh1 Bg4 14.
Nxg4 Nxg4 15. e3 Nf6 16. g4 h6 17. g5 hxg5 18. fxg5 Qc7 19. h3 Nh5 20. Kg1 Ng3 21.
Rf2 Ne5 22. Nd2 Qc6 23. b3 Bc5 24. Bb2 Qd6 25. Qe1 Ne2+ 26. Rxe2 dxe2 27. Qxe2 Qd3 28. Qxd3 Nxd3 29. Bd4 Bxd4 30. exd4 O-O-O 31. d5 e3 32. Nf3 Rhe8 33. Rd1 Nf4 34. Nd4 e2 35.
Re1 Re3 36. Bf3 Rde8 37. Bg4+ Kd8 38. Nf5 Nxh3+ 39. Kg2 Nf4+ 40. Kf2 Nd3+ 41. Kg1 Nxe1 0-1

[Event "*** Titled Tuesday 3|2 Blitz"]
[Site "Chess.com"]
[Date "2016.06.07"]
[Round "6"]
[White "dretch"]
[Black "jcibarra"]
[Result "1/2-1/2"]
[WhiteElo "2638"]
[BlackElo "2648"]
[TimeControl "180+2"]
[EndTime "18:11:16 PDT"]
[Termination "Game drawn by repetition"]

1. d4 Nf6 2. c4 d6 3. Nf3 g6 4.
Nc3 Bf5 5. d5 e5 6. dxe6 Bxe6 7.
e4 Bg7 8. Be2 O-O 9. Nd4 Bd7 10.
O-O Re8 11. f3 Nc6 12. Be3 Nh5 13. Qd2 f5 14. Nxc6 Bxc6 15. exf5 Qh4 16. Bf2 Qf4 17. Qc2 Bxc3 18. bxc3 Qxf5 19. Bd3 Qg5 20. h4 Qf6 21.
Rfe1 Nf4 22. Bf1 b6 23. Kh2 Rxe1 24. Rxe1 Re8 25. Rxe8+ Bxe8 26. Qe4 Qe5 27. Qxe5 dxe5 28. c5 b5 29. g3 Ne6 30. Be3 Bc6 31. Kg2 h5 32.
Kf2 Kf7 33. Be2 a6 34. Ke1 Bd5 35. a3 c6 36. Kd2 Ng7 37. Bf2 Ne6 38. Bd1 Kf6 39.
Be3 Ng7 40. Bg5+ Kf7 41. g4 Ne6 42. Be3 Kf6 43. Ke1 Nf4 44. Kf2 Nd3+ 45. Kg3 Nb2 46.
Bc2 Nc4 47. Bg5+ Kf7 48. Bc1 Kf6 49. Bg5+ Kf7 50. Bc1 Kf6 51. Bg5+ 1/2-1/2

[Event "*** Titled Tuesday 3|2 Blitz"]
[Site "Chess.com"]
[Date "2016.06.07"]
[Round "6"]
[White "1random"]
[Black "attack2mateU"]
[Result "0-1"]
[WhiteElo "2112"]
[BlackElo "2439"]
[TimeControl "180+2"]
[EndTime "18:11:18 PDT"]
[Termination "attack2mateU won by resignation"]

1. e4 c5 2. Nf3 d6 3. d4 cxd4 4. Nxd4 Nf6 5. Nc3 a6 6. Nb3 g6 7. e5 dxe5 8. Qxd8+ Kxd8 9. f4 Bf5 10. fxe5 Nfd7 11. Nd4 Nxe5 12. Nxf5 gxf5 13. Bf4 Nbc6 14. O-O-O+ Ke8 15. Nd5 Rc8 16. Nb6 Rd8 17. Be2 Bg7 18. Rxd8+ Kxd8 19. Rd1+ Ke8 20. Na4 Nd7 21. Bd3 e6 22. c4 Ke7 23. c5 Be5 24. Be3 Rc8 25. Kb1 Bxh2 26. Rh1 f4 27. Bc1 Bg3 28. Rxh7 Nce5 29.
Be4 Nf6 30. Bxb7 Rc7 31. Rh5 Nxh5 0-1

[Event "*** Titled Tuesday 3|2 Blitz"]
[Site "Chess.com"]
[Date "2016.06.07"]
[Round "6"]
[White "chickencrossroad"]
[Black "Ksenia_Legenko"]
[Result "1-0"]
[WhiteElo "2239"]
[BlackElo "2045"]
[TimeControl "180+2"]
[EndTime "18:11:52 PDT"]
[Termination "chickencrossroad won on time"]

1. e4 c6 2. d4 d5 3. exd5 cxd5 4. c4 Nf6 5. Nc3 g6 6. cxd5 Nxd5 7. Bc4 Nb6 8. Bb3 Bg7 9. Nf3 O-O 10. O-O Bg4 11. h3 Bxf3 12. Qxf3 Nc6 13. Be3 Na5 14. Bc2 e6 15.
Be4 Qd7 16. Rad1 f5 17. Bd3 Nac4 18. b3 Nxe3 19. fxe3 Rac8 20. Ne2 Nd5 21. e4 Nc3 22. exf5 gxf5 23. Rd2 Nxe2+ 24. Qxe2 Qxd4+ 25. Kh1 Qf6 26. Bc4 Rfe8 27. Rd7 Qe5 28. Qh5 Qf6 29. Rxf5 Qg6 30.
Qxg6 hxg6 31. Rg5 Rf8 32. Rxg6 Rf7 33. Bxe6 1-0

[Event "*** Titled Tuesday 3|2 Blitz"]
[Site "Chess.com"]
[Date "2016.06.07"]
[Round "6"]
[White "sandropozo"]
[Black "tactics321"]
[Result "1-0"]
[WhiteElo "2408"]
[BlackElo "2217"]
[TimeControl "180+2"]
[EndTime "18:12:02 PDT"]
[Termination "sandropozo won by resignation"]

1. d4 e6 2. Nf3 f5 3. Bf4 Nf6 4. e3 b6 5. c4 Bb7 6. Be2 Bb4+ 7.
Nc3 Ne4 8. Qc2 d6 9. O-O Bxc3 10. bxc3 Nd7 11. c5 bxc5 12. Rab1 Bc6 13. Qb3 Qe7 14. c4 g5 15. Bg3 g4 16. Bh4 Qg7 17. d5 gxf3 18. Bxf3 Ne5 19. Bh5+ Ng6 20. dxc6 Nd2 21. Qb7 O-O 22. Bxg6 hxg6 23. Bg5 Nxf1 24. Kxf1 Qc3 25. h4 Qxc4+ 26. Kg1 Rfc8 27. Qb2 e5 28. f4 e4 29. h5 Qf7 30. hxg6 Qxg6 31. Kf2 Qg7 32. Qb3+ Qf7 33. Qc3 Qxa2+ 34. Rb2 Qf7 35. Rb1 Qg7 36. Bf6 Qg6 37. Rh1 Kf7 38. Bg5 Qg7 39. Qc4+ Ke8 40.
Rh6 Kf8 41. Rf6+ Qxf6 42. Bxf6 Rab8 43. Qe6 Re8 44. Qd7 1-0

[Event "*** Titled Tuesday 3|2 Blitz"]
[Site "Chess.com"]
[Date "2016.06.07"]
[Round "6"]
[White "hermionegrangermagic"]
[Black "UltimateCrusher2"]
[Result "1-0"]
[WhiteElo "2291"]
[BlackElo "2090"]
[TimeControl "180+2"]
[EndTime "18:12:32 PDT"]
[Termination "hermionegrangermagic won by resignation"]

1. Nf3 b6 2. g4 Bb7 3. Bg2 g6 4. h4 h5 5. g5 Bg7 6. d4 e6 7. c4 Ne7 8. Nc3 d5 9. Qd3 dxc4 10. Qxc4 Bxd4 11. Bf4 c5 12. O-O-O Bd5 13. Rxd4 cxd4 14. Qxd4 O-O 15. e4 Bb7 16. Qe3 Nbc6 17. Rd1 Qc8 18. Bd6 Rd8 19. Qf4 Rxd6 20. Qxd6 Qb8 21. Qd7 Qf4+ 22. Kb1 Ba6 23. Qd6 Qxd6 24. Rxd6 Rd8 25. e5 Kf8 26. Ne4 Rxd6 27. Nxd6 Nf5 28. Nxf5 exf5 29.
Kc1 Ke7 30. Kd2 Ke6 31. Kc3 Nxe5 32. Nd4+ Kd6 33. b4 Ng4 34. b5 Bc8 35. Nc6 a5 36.
bxa6 Bxa6 37. Nb4 Bb5 38. f4 Ne3 39. Bf3 Bd7 40. a4 Be6 41. Kd4 Nd1 42. Bxd1 Kc7 43. Nd3 Kb7 44. Ne5 Ka6 45. Be2+ Ka5 46. Bc4 Bxc4 47.
Kxc4 Kxa4 48. Kc3 b5 49. Kb2 Kb4 50. Nxf7 Kc5 51. Ne5 Kd4 52. Nxg6 Ke4 53. Ne7 Kxf4 54. g6 1-0

[Event "*** Titled Tuesday 3|2 Blitz"]
[Site "Chess.com"]
[Date "2016.06.07"]
[Round "6"]
[White "oskariot"]
[Black "matej2221"]
[Result "0-1"]
[WhiteElo "2423"]
[BlackElo "2497"]
[TimeControl "180+2"]
[EndTime "18:12:41 PDT"]
[Termination "matej2221 won by resignation"]

1. e4 e5 2. Nf3 Nc6 3. Bb5 a6 4. Ba4 Nge7 5. c3 g6 6. d4 exd4 7. cxd4 b5 8. Bb3 Bg7 9. O-O O-O 10. d5 Na5 11. Bd2 c5 12. d6 Nec6 13. Bd5 Bb7 14. Bc3 Bxc3 15. Nxc3 Qf6 16. Re1 Ne5 17. Bxb7 Nxb7 18.
Nxe5 Qxe5 19. f4 Qxd6 20. Qxd6 Nxd6 21. Rad1 Nc4 22. b3 Nb6 23. Rd6 Rab8 24. e5 Rfe8 25. Ne4 Rec8 26. Nf6+ Kg7 27. Nxd7 Nxd7 28. Rxd7 Rd8 29.
Red1 Rxd7 30. Rxd7 Kf8 31. Rc7 Rd8 32. Rxc5 Rd2 33.
a4 bxa4 34. bxa4 Rd4 35. g3 Rxa4 36. Kg2 h5 37. h3 Ke7 38. Rc3 h4 39. Rc7+ Ke6 40.
Rc3 Kf5 41. Kf3 hxg3 42. Kxg3 Rxf4 43. Rc6 Kxe5 44. Rxa6 Rd4 45. Ra5+ Rd5 46. Ra8 Kf5 47. Re8 Rd3+ 48. Kg2 f6 49. Ra8 Kg5 50. Ra5+ f5 51. Rb5 Re3 52. Ra5 Kh4 53. Ra4+ Re4 54. Ra2 Rb4 55.
Rc2 g5 56. Ra2 f4 57. Ra8 Rb2+ 58. Kf3 Rb3+ 59. Ke4 Kxh3 60. Kf5 f3 61. Kxg5 f2 0-1

[Event "*** Titled Tuesday 3|2 Blitz"]
[Site "Chess.com"]
[Date "2016.06.07"]
[Round "6"]
[White "akinov-akinseye"]
[Black "Andrejkin"]
[Result "1/2-1/2"]
[WhiteElo "1711"]
[BlackElo "2115"]
[TimeControl "180+2"]
[EndTime "18:13:08 PDT"]
[Termination "Game drawn by repetition"]

1. e4 c5 2. d4 cxd4 3. c3 Nf6 4. e5 Nd5 5. cxd4 d6 6. Nf3 Nc6 7. e6 Bxe6 8. Bc4 Nb6 9. Bxe6 fxe6 10. O-O Nd5 11. Nc3 Nf6 12. Re1 Qd7 13. d5 exd5 14. Nxd5 e5 15. a3 Be7 16. b4 O-O 17. Nxf6+ Bxf6 18. b5 Ne7 19. Nxe5 Qxb5 20. a4 Qa6 21.
Qb3+ Kh8 22. Nf7+ Rxf7 23. Qxf7 Bxa1 24. Rxe7 Qc6 25. Bh6 Rg8 26. h3 Qxa4 27. Rxb7 Qd1+ 28. Kh2 Be5+ 29. g3 a5 30. Ra7 a4 31. Be3 Qb3 32. Rb7 Qxf7 33. Rxf7 Ra8 34. Bc1 Kg8 35. Rf3 g6 36. Ba3 Kg7 37. Rd3 Kf7 38. f4 Bf6 39. Rxd6 Be7 40. Rd3 Bxa3 41. Rxa3 Ke6 42. g4 Kd5 43. Kg3 Kc4 44. f5 Kb4 45. Ra1 a3 46.
fxg6 hxg6 47. h4 Kb3 48. h5 gxh5 49. gxh5 Kb2 50. Rh1 a2 51. Kg4 a1=Q 52. Rxa1 Rxa1 53. Kg5 Rg1+ 54. Kf6 Kc3 55. h6 Kd4 56. h7 Rh1 57.
Kg7 Rg1+ 58. Kf6 Rh1 59. Kg7 Rg1+ 60. Kf6 Rh1 61. Kg7 1/2-1/2

[Event "*** Titled Tuesday 3|2 Blitz"]
[Site "Chess.com"]
[Date "2016.06.07"]
[Round "6"]
[White "hangemhigh"]
[Black "ilya261991"]
[Result "0-1"]
[WhiteElo "2222"]
[BlackElo "2518"]
[TimeControl "180+2"]
[EndTime "18:13:46 PDT"]
[Termination "ilya261991 won by checkmate"]

1. d4 Nf6 2. Nf3 g6 3. Nc3 d5 4.
Bf4 Bg7 5. e3 O-O 6. Be2 c5 7.
h3 cxd4 8. exd4 Nc6 9. O-O Bf5 10. Ne5 Rc8 11. Re1 Ne4 12. Nxe4 Bxe4 13. Nxc6 Rxc6 14. c3 a6 15. Qd2 b5 16. Bf1 Re8 17. a4 Qb6 18. axb5 axb5 19. f3 Bf5 20. Kh2 Rcc8 21. b4 Bd7 22. Be5 Bf8 23. Re2 Qc6 24. Ra3 f6 25.
Bg3 Bg7 26. Re1 e5 27. dxe5 fxe5 28. Ra5 Qxc3 29. Qxd5+ Be6 30. Qxb5 Rb8 31. Qc5 Qxb4 32. Qxb4 Rxb4 33. Bxe5 Bh6 34. Bg3 Rb6 35. Rae5 Kf7 36.
h4 Bg7 37. R5e3 Bd4 38. Re4 Bc3 39. Rc1 Bf6 40. Rc7+ Re7 41. Rxe7+ Bxe7 42. Bc4 Bxc4 43. Rxc4 Re6 44. Re4 Rc6 45. h5 gxh5 46. Kh3 Bf6 47. Bf2 Rc1 48. Be3 Rh1+ 49. Kg3 Kg6 50. Kf2 Bh4+ 51. g3 Rh2+ 52. Kg1 Bxg3 53. Re6+ Kf5 54. Rh6 h4 55. Rxh7 Re2 56. Rh5+ Kg6 57. Rh6+ Kg7 58. Bg5 Ra2 59. f4 Rh2 60. f5 h3 61. f6+ Kf7 62.
Rh7+ Kg6 63. Rg7+ Kh5 64. f7 Rg2+ 65. Kh1 Rf2 66. Bf6 Rf1# 0-1

[Event "*** Titled Tuesday 3|2 Blitz"]
[Site "Chess.com"]
[Date "2016.06.07"]
[Round "6"]
[White "JusticeBot"]
[Black "GianmarcoVaR"]
[Result "1-0"]
[WhiteElo "2538"]
[BlackElo "2350"]
[TimeControl "180+2"]
[EndTime "18:14:06 PDT"]
[Termination "JusticeBot won by checkmate"]

1. e4 c6 2. d4 d5 3. Nc3 dxe4 4. Nxe4 Bf5 5. Ng3 Bg6 6. N1e2 Nf6 7. Nf4 e5 8. Nxg6 hxg6 9. dxe5 Qa5+ 10. Bd2 Qxe5+ 11. Qe2 Nbd7 12. Qxe5+ Nxe5 13. f4 Neg4 14. h3 Nh6 15. Bc4 Bc5 16. Rf1 O-O-O 17. O-O-O Rhe8 18. f5 Nxf5 19. Nxf5 gxf5 20. Rxf5 Rd7 21. Rxc5 Ne4 22. Bb4 Rxd1+ 23.
Kxd1 Nxc5 24. Bxc5 f6 25. Bxa7 Re4 26. Bd3 Ra4 27.
Bc5 Rxa2 28. Bf8 g6 29. Bxg6 Rxb2 30. Bg7 Rb1+ 31. Ke2 Kd7 32. Bxf6 Ke6 33. Bd4 b5 34. h4 Rh1 35. h5 Kd5 36. Bg7 Rh2 37. Kf2 b4 38. h6 c5 39. h7 Rxh7 40. Bxh7 c4 41. Bg8+ Kc5 42. Bf8+ Kd4 43. Bxb4 c3 44. Kf3 Ke5 45.
g4 Kf6 46. Bf8 Kg5 47. Bg7 Kg6 48. Bxc3 Kh6 49. Bf7 Kg5 50. Bg7 Kh4 51. c4 Kg5 52. c5 Kh4 53. c6 Kg5 54. c7 Kh4 55. Bf6+ Kh3 56. g5 Kh4 57. g6+ Kh5 58. Kf4 Kh6 59. Be5 Kh5 60. Bg7 Kh4 61. Bf8 Kh5 62. Kf5 Kh4 63.
g7 Kh3 64. g8=N Kh4 65. Ne7 Kh3 66. c8=N Kg2 67. Nd6 Kf2 68. Ke4 Ke2 69. Nd5 Kd2 70. Bg7 Kc2 71. Bc3 Kd1 72. Kd3 Kc1 73. Bh5 Kb1 74.
Nb4 Kc1 75. Nc4 Kb1 76. Bd1 Kc1 77. Bb3 Kb1 78. Bc2+ Kc1 79. Bb2# 1-0